Get step-by-step instructions on how to execute this build order below. Start the game timer, and the build order will tick by so you can play in parallel with StarCraft on a second screen or mobile device.

Game Time

  0:00

Last Step

  N/A

Next Step

Upcoming Step



Don't want to look back and forth between 2 screens? Try out our Overwolf App, the Spawning Tool Build Advisor to get an in-game overlay with this build!

Complete Build Order

  12  0:01  SCV  
  13  0:13  SCV  
  14  0:18  Supply Depot  
  14  0:25  SCV  
  15  0:39  SCV  
  15  0:42  Barracks  
  16  0:49  Refinery  
  16  0:52  SCV  
  17  1:04  SCV  
  18  1:29  Orbital Command  
  18  1:39  Command Center  
  18  1:40  Reaper  
  19  1:48  Supply Depot  
  19  1:59  SCV  
  20  2:12  Factory, Marine  
  21  2:27  SCV  
  21  2:28  Refinery  
  22  2:30  Marine  
  22  2:35  Engineering Bay  
  23  2:39  SCV  
  24  2:44  Supply Depot  
  24  2:47  Marine  
  25  2:51  SCV  
  25  2:55  SCV  
  27  3:01  Starport  
  27  3:03  SCV  
  27  3:05  Marine  
  28  3:08  Widow Mine  
  31  3:13  SCV  
  32  3:23  Marine, SCV  
  34  3:41  Marine  
  33  3:42  Missile Turret  
  33  3:43  SCV  
  33  3:44  SCV  
  33  3:46  Missile Turret  
  36  3:50  Medivac  
  36  3:52  Widow Mine  
  40  3:58  SCV  
  40  3:59  Marine  
  40  4:00  SCV  
  43  4:04  Terran Infantry Weapons Level 1  
  43  4:10  SCV  
  43  4:16  Marine, SCV  
  46  4:18  Barracks  
  46  4:21  Supply Depot  
  46  4:32  SCV  
  46  4:33  SCV  
  46  4:35  Refinery  
  49  4:40  Missile Turret  
  49  4:42  Barracks Tech Lab  
  49  4:44  SCV  
  49  4:46  Starport Reactor  
  49  4:47  SCV  
  49  4:51  Supply Depot  
  50  4:56  SCV  
  51  5:01  Barracks  
  49  5:15  Liberator x2  
  43  5:28  Marine x2  
  51  5:42  SCV x2  
  53  5:44  Engineering Bay  
  53  5:46  Supply Depot  
  53  5:47  Supply Depot  
  53  5:51  Missile Turret  
  53  5:52  Stimpack  
  53  5:57  SCV x2  
  55  6:07  Command Center  
  53  6:36  Marine  
  53  6:37  Widow Mine, Marine  
  53  6:39  Medivac x2  
  59  6:42  Barracks Tech Lab  
  59  6:48  SCV  
  59  6:53  Orbital Command  
  60  6:54  Bunker  
  60  6:55  Marauder, Terran Infantry Armor Level 1  
  60  6:57  Armory  
  60  7:01  Barracks Tech Lab, Combat Shields  
  62  7:02  Bunker  
  62  7:05  Barracks  
  62  7:07  Barracks  
  62  7:09  SCV  
  62  7:10  Missile Turret  
  62  7:14  Marine  
  64  7:16  Marine  
  64  7:21  SCV  
  66  7:32  Missile Turret  
  66  7:33  Marauder  
  65  7:38  SCV x3  
  65  7:40  Marine x2  
  70  7:50  SCV x3  
  70  7:52  Missile Turret  
  70  7:53  Marine  
  70  7:58  Marauder  
  73  8:01  Marine  
  73  8:04  Barracks Reactor  
  73  8:05  Barracks Tech Lab  
  74  8:06  Supply Depot  
  74  8:08  SCV x3  
  74  8:11  Marine  
  78  8:14  Missile Turret, Medivac x2  
  82  8:20  SCV x2  
  82  8:22  SCV  
  82  8:25  Refinery  
  82  8:26  Marine x2  
  87  8:29  Concussive Shells  
  87  8:32  Factory Tech Lab, SCV x2  
  89  8:34  SCV  
  89  8:37  Supply Depot  
  89  8:40  Supply Depot  
  87  8:44  SCV x2  
  83  8:52  Marine x2  
  83  8:53  Marauder  
  86  8:56  Marine x2  
  86  8:57  Marauder, SCV x2  
  86  9:00  Terran Infantry Weapons Level 2, Refinery  
  86  9:02  Terran Infantry Armor Level 2  
  92  9:11  Refinery  
  92  9:14  Marine  
  92  9:15  Marine x3  
  92  9:16  Marauder  
  98  9:18  Marauder  
  98  9:20  Medivac  
  102  9:32  Marine  
  102  9:38  Siege Tank  
  106  9:40  Marine x2  
  106  9:41  Marine x3  
  106  9:45  Medivac  
  113  9:54  Starport  
  113  9:55  Barracks  
  113  9:56  Marine  
  113  9:57  Barracks, Marine  
  115  10:00  Medivac  
  115  10:03  Barracks  
  117  10:09  Marine  
  117  10:10  Marine  
  119  10:14  Siege Tank  
  119  10:15  Command Center  
  119  10:16  Ghost Academy  
  122  10:29  Orbital Command  
  122  10:31  Marine x2  
  122  10:32  Marine  
  125  10:38  Supply Depot  
  125  10:39  Supply Depot  
  125  10:43  Supply Depot  
  125  10:59  Marauder, Marine